 Dungeon Crawl Stone Soup version 0.29.1-1-gd02db6906a (webtiles) character file.

Game seed: 3125234469540071354

670 karrick the Cudgeller (level 7, -7/44 HPs)
             Began as a Gargoyle Fighter on Sept 20, 2022.
             Killed from afar by a steam dragon (10 damage)
             ... with a ball of steam
             ... on level 6 of the Dungeon.
             The game lasted 00:09:40 (5355 turns).

karrick the Cudgeller (Gargoyle Fighter)            Turns: 5355, Time: 00:09:41

Health: -7/44      AC: 18    Str: 19    XL:     7   Next: 58%
Magic:  7/7        EV:  9    Int: 15    God:
Gold:   248        SH:  4    Dex: 11    Spells: 6/6 levels left

rFire   . . .      SeeInvis .   a - +0 flail
rCold   . . .      Faith    .   c - +0 buckler
rNeg    + + .      Spirit   .   b - +0 scale mail
rPois   ∞          Reflect  .   g - +0 helmet
rElec   +          Harm     .   l - +2 cloak
rCorr   .          Rampage  .   w - +1 Delatra's gloves {ID++}
Will    .....                   (no boots)
Stlth   ..........              (no amulet)
HPRegen 0.14/turn               i - ring of positive energy
MPRegen 0.10/turn               x - +6 ring of intelligence

@: mighty
A: sickness immunity, AC +4, negative energy resistance 1, electricity
resistance, torment resistance 1, petrification resistance
a: no special abilities


You were on level 6 of the Dungeon.
You visited 1 branch of the dungeon, and saw 6 of its levels.

You collected 248 gold pieces.

Inventory:

Hand Weapons
 a - a +0 flail (weapon)
Armour
 b - a +0 scale mail (worn)
 c - a +0 buckler (worn)
 g - a +0 helmet (worn)
 l - a +2 cloak (worn)
 m - the +0 cloak of Reason {Int+3 Stlth+}
   (You found it on level 2 of the Dungeon)

   Int:       It affects your intelligence (+3).
   Stlth:     It makes you more stealthy.
 s - a +0 pair of gloves
 w - the +1 Delatra's gloves (worn) {ID++}
   (You found it on level 4 of the Dungeon)

   It heals its wearer when they drink unknown potions.
   It restores its wearer's MP when they read unknown scrolls.
Jewellery
 i - a ring of positive energy (left hand)
 x - a +6 ring of intelligence (right hand)
Wands
 n - a wand of roots (11)
 y - a wand of mindburst (15)
Scrolls
 e - 2 scrolls of immolation {unknown}
 f - 2 scrolls of blinking {unknown}
 h - 2 scrolls of enchant armour {unknown}
 k - a scroll of torment {unknown}
 o - 2 scrolls of amnesia {unknown}
 p - 7 scrolls of identify {unknown}
 q - 3 scrolls of poison {unknown}
 r - 4 scrolls of magic mapping {unknown}
 v - 2 scrolls of teleportation {unknown}
Potions
 d - a potion of might
 j - a potion of curing
 t - a potion of berserk rage {unknown}
 u - a potion of attraction {unknown}


   Skills:
 + Level 4.9 Fighting
 + Level 5.5 Maces & Flails
 + Level 5.1 Armour
 - Level 1.3 Dodging
 + Level 1.3 Stealth
 + Level 4.3 Shields


You had 6 spell levels left.
You didn't know any spells.
Your spell library was empty.

Dungeon Overview and Level Annotations

Branches:
Dungeon (6/15)
 Temple: D:4-7

Altars:
Uskayaw

Shops:
D:6 (


Innate Abilities, Weirdness & Mutations

You are immune to sickness and miasma.
Your stone body is resilient. (AC +4)
You are immune to poison.
You resist negative energy. (rN+)
You are resistant to electric shocks. (rElec)
You are resistant to unholy torment.
You are immune to petrification.


Message History

No target in view!
No target in view!
You feel very mighty all of a sudden.
You sock the steam dragon!
The steam dragon is moderately wounded.
You block the steam dragon's attack.
The steam dragon claws you but does no damage.
You sock the steam dragon!
The steam dragon is severely wounded.
You are engulfed in a cloud of scalding steam.
The steam dragon bites you but does no damage.
The steam dragon claws you. You block the steam dragon's attack.
The steam dragon barely misses you.
You barely miss the steam dragon.
The steam dragon is severely wounded.
The steam dragon breathes steam at you. The ball of steam hits you.
You are too injured to fight recklessly!
You are too injured to fight recklessly!
You are too injured to fight recklessly!
You are too injured to fight recklessly!
You thump the steam dragon!
The steam dragon is almost dead.
You are engulfed in a cloud of scalding steam.
The steam dragon closely misses you.
The steam dragon claws you but does no damage.
You completely miss the steam dragon.
The steam dragon is almost dead.
The steam dragon bites you. You block the steam dragon's attack.
You closely miss the steam dragon.
The steam dragon is almost dead.
The steam dragon breathes steam at you. The ball of steam hits you!
* * * LOW HITPOINT WARNING * * *
You barely miss the steam dragon.
The steam dragon is almost dead.
You are engulfed in a cloud of scalding steam.
The steam dragon breathes steam at you. The ball of steam hits you!
You die...

######
##############...(##
#...§§.......+....+.
#..§.........#....#.
#.§@.§...##..#....#.
##D###...##..#....#.
.... #...##..'....#'
)......#....#..#......
.........#....#>.#......
.#.......#....'..#####..
#.......#+####......#..
#...##... #..##..###
#### .#


You could see a steam dragon (catching breath).

Vanquished Creatures
  An ice beast (D:5)
  2 ogres
  A scorpion (D:6)
  An orc priest (D:5)
  2 hounds (D:5)
  An iguana (D:5)
  A hound skeleton (D:2)
  Robin (D:4)
  11 adders
  2 ufetubi
  An adder skeleton (D:2)
  2 worms
  A dart slug (D:1)
  7 orcs
  6 bats
  A bat skeleton (D:2)
  2 bat zombies (D:2)
  5 endoplasms
  6 giant cockroaches
  10 goblins
  5 hobgoblins
  3 jackals (D:5)
  9 kobolds
  6 ball pythons
  A ball python skeleton (D:2)
  3 frilled lizards
  2 quokka zombies (D:2)
  8 rats
101 creatures vanquished.

Vanquished Creatures (others)
  35 plants (D:1)
35 creatures vanquished.

Grand Total: 136 creatures vanquished

Notes
Turn   | Place    | Note
-------+----------+-------------------------------------------
     0 | D:1      | karrick the Gargoyle Fighter began the quest for the Orb.
     0 | D:1      | Reached XP level 1. HP: 14/14 MP: 1/1
    58 | D:1      | Reached XP level 2. HP: 6/19 MP: 2/2
  1025 | D:1      | Reached XP level 3. HP: 23/23 MP: 3/3
  1292 | D:2      | Identified the +0 cloak of Reason {Int+3 Stlth+}
  1556 | D:2      | Reached XP level 4. HP: 13/28 MP: 4/4
  2891 | D:3      | Reached skill level 1 in Stealth
  2984 | D:4      | Noticed Robin
  3000 | D:4      | Reached XP level 5. HP: 23/33 MP: 5/5
  3004 | D:4      | Killed Robin
  3209 | D:4      | Found the +1 Delatra's gloves {ID++}
  3522 | D:4      | Found a hide-covered altar of Uskayaw.
  3875 | D:5      | Entered Level 5 of the Dungeon
  4149 | D:5      | Noticed an ice beast
  4164 | D:5      | Killed an ice beast
  4165 | D:5      | Reached skill level 1 in Dodging
  4165 | D:5      | Reached XP level 6. HP: 38/38 MP: 6/6
  4526 | D:5      | Reached XP level 7. HP: 41/44 MP: 7/7
  4945 | D:5      | Reached skill level 5 in Maces & Flails
  5187 | D:6      | Found Wifey's Weapon Shop.
  5194 | D:6      | Reached skill level 5 in Armour
  5342 | D:6      | Noticed a steam dragon
  5355 | D:6      | Killed from afar by a steam dragon

Illustrated notes

Levels and vault maps discovered:
D:1:      roderic_crop_circles_arrival_small, layout_basic
D:2:      layout_rooms, serial_undead, serial_undead_c, serial_undead_c,
          serial_undead_f, serial_undead_f, serial_undead_a, serial_undead_b
D:3:      layout_basic
D:4:      layout_basic, nicolae_uskayaw_murder_on_the_dancefloor,
          feat_on_display, uniq_robin
D:5:      layout_loops_corners
D:6:      layout_gridville, chequers_temple_overflow_statue_of_worship,
          minmay_temple_entry_fiery, serial_shops,
          nicolae_shop_advertising_works [nicolae_subvault_shop_adworks],
          nicolae_shop_bloodbath_and_beyond, uniq_prince_ribbit1

Skill      XL: |  1  2  3  4  5  6  7 |
---------------+----------------------+-----
Maces & Flails | 3 4 5 |  5.5
Armour         | 4 5 |  5.1
Stealth        | 1 |  1.3
Fighting       | 4 |  4.9
Dodging        | 1 |  1.3
Shields        | 4 |  4.3

Action                   |  1- 3 |  4- 6 |  7- 9 || total
-------------------------+-------+-------+-------++-------
Melee: Flail             |   149 |   202 |    56 ||   407
  Use: Potion            |       |     4 |     3 ||     7
Armor: Scale mail        |   136 |   124 |    36 ||   296
Dodge: Dodged            |    95 |    83 |    27 ||   205
Block: Buckler           |    41 |    41 |    13 ||    95
